 Dungeon Sprint DCSS version 0.21-a0-110-g8e1637b (webtiles) character file.

252 Kidiri the Insei (level 5, 0/66 HPs)
             Began as a Demonspawn Monk on July 10, 2017.
             Was an Elder of Wu Jian.
             Succumbed to a gnoll sergeant's poison
             ... in the Dungeon (Sprint VII: "The Pits").
             The game lasted 00:04:42 (688 turns).

Kidiri the Insei (Demonspawn Monk)                   Turns: 688, Time: 00:04:43

Health: 0/66       AC:  4    Str: 17    XL:     5   Next: 89%
Magic:  0/5        EV: 16    Int: 11    God:    Wu Jian [****..]
Gold:   0          SH:  0    Dex: 16    Spells: 4/4 levels left

rFire    . . .     SeeInvis .     - Unarmed
rCold    . . .     Gourm    .   (no shield)
rNeg     . . .     Faith    .   a - +0 robe
rPois    .         Spirit   +   (no helmet)
rElec    .         Reflect  .   (no cloak)
rCorr    .         Harm     .   (no gloves)
MR       .....     NoTele   +   (no boots)
Stlth    ..........             (no amulet)
HPRegen  0.21/turn              (no ring)
MPRegen  0.09/turn              (no ring)

@: berserking, lethally poisoned (0 -> -13), exhausted, very quick
A: slimy green scales 1, magic shield
a: Serpent's Lash, Renounce Religion


You were in the Dungeon.
You worshipped Wu Jian.
Wu Jian was greatly pleased with you.
You were hungry.

You visited 1 branch

Inventory:

Armour
 a - a +0 robe (worn)
Scrolls
 h - a scroll of blinking
 j - 3 scrolls of remove curse
 k - 5 scrolls of amnesia
 l - a scroll of summoning
Potions
 e - a potion of haste
 f - 4 potions of magic
 i - 2 potions of invisibility
Comestibles
 b - 8 bread rations
 m - 40 fruits
 n - 7 meat rations


   Skills:
 + Level 5.2 Fighting
 + Level 3.6 Armour
 * Level 6.1 Dodging
 * Level 6.2 Stealth
 * Level 6.3 Unarmed Combat


You had 4 spell levels left.
You didn't know any spells.

Dungeon Overview and Level Annotations

Branches:
Dungeon (1/1)

Altars:
Ashenzari
Cheibriados
Dithmenos
Elyvilon
Fedhas
Gozag
Hepliaklqana
Kikubaaqudgha
Makhleb
Nemelex Xobeh
Okawaru
Qazlal
Ru
Sif Muna
Trog
Uskayaw
Vehumet
Wu Jian
Xom
Yredelemnul
Zin
The Shining One
Beogh
Jiyva
Lugonu


Innate Abilities, Weirdness & Mutations

You are partially covered in slimy green scales. (AC +2)
When hurt, damage is shared between your health and your magic reserves.


Message History

The gnoll sergeant is severely wounded.
Zoom!
There is an open door to the Storerooms (Easy) here.
Unknown command.
You hit the gnoll sergeant but do no damage.
The gnoll sergeant is severely wounded.
You feel sick.
Unknown command.
You hit the gnoll sergeant but do no damage.
The gnoll sergeant is severely wounded.
You feel sick.
The gnoll sergeant hits you with a spear of venom.
* * * LOW HITPOINT WARNING * * *
You are more poisoned.
Unknown command.
ZOOOM!
Unknown command.
A red film seems to cover your vision as you go berserk!
You feel yourself moving faster!
You feel mighty!
You die...

############
#_________.#
#_________.#
#_______...###########++
##########+##...........
#.?(.+)))+.##......#..#.
##########.##...........
#.........rg§@..........
#'#####+#####......#..#.
#†#..#.)#..##...........
#g#).+..+..#####+#####++
#.##+####+###.......#
#.#.)......##.......#
#.#........##.......#
#.#####+#####...<...#
#.#..[)))..##.......#


You could see a gnoll sergeant and a porcupine.

Vanquished Creatures
  A hungry ghost (D)
  A crimson imp (D)
  A worker ant (D)
  4 gnolls (D)
  An adder (D)
  A river rat (D)
  An orc (D)
  A bat zombie (D)
  A hobgoblin (D)
  A ball python (D)
  A frilled lizard (D)
  3 goblins (D)
17 creatures vanquished.

Notes
Turn   | Place    | Note
-------+----------+-------------------------------------------
     0 | D        | Kidiri the Demonspawn Monk began the quest for the Orb.
     0 | D        | Reached XP level 1. HP: 18/18 MP: 1/1
    12 | D        | Noticed a worker ant
    16 | D        | Killed a worker ant
    16 | D        | Reached skill level 1 in Armour
    16 | D        | Gained mutation: You are partially covered in slimy green scales. (AC +2) [demonic ancestry]
    16 | D        | Reached XP level 2. HP: 24/24 MP: 2/2
    47 | D        | Found a bloodstained altar of Trog.
    47 | D        | Found a deep blue altar of Sif Muna.
    47 | D        | Found a viscous altar of Jiyva.
    47 | D        | Found a hazy altar of Hepliaklqana.
    47 | D        | Found an opulent altar of Gozag.
    48 | D        | Found a glowing golden altar of the Shining One.
    48 | D        | Found a glowing silver altar of Zin.
    48 | D        | Found a basalt altar of Yredelemnul.
    48 | D        | Found a shimmering altar of Xom.
    48 | D        | Found an ornate altar of the Wu Jian Council.
    48 | D        | Found a sacrificial altar of Ru.
    48 | D        | Found a stormy altar of Qazlal.
    48 | D        | Found an iron altar of Okawaru.
    48 | D        | Found a sparkling altar of Nemelex Xobeh.
    48 | D        | Found a burning altar of Makhleb.
    48 | D        | Found a blossoming altar of Fedhas.
    48 | D        | Found a white marble altar of Elyvilon.
    48 | D        | Found a shadowy altar of Dithmenos.
    48 | D        | Found a snail-covered altar of Cheibriados.
    50 | D        | Found a radiant altar of Vehumet.
    50 | D        | Found a corrupted altar of Lugonu.
    50 | D        | Found a roughly hewn altar of Beogh.
    51 | D        | Found a hide-covered altar of Uskayaw.
    51 | D        | Found an ancient bone altar of Kikubaaqudgha.
    51 | D        | Found a shattered altar of Ashenzari.
    57 | D        | Became a worshipper of the Wu Jian Council
    57 | D        | Reached * piety under Wu Jian
    57 | D        | Reached ** piety under Wu Jian
   179 | D        | Gained mutation: When hurt, damage is shared between your health and your magic reserves. [demonic ancestry]
   179 | D        | Reached XP level 3. HP: 22/29 MP: 3/3
   402 | D        | Reached *** piety under Wu Jian
   429 | D        | Reached **** piety under Wu Jian
   529 | D        | Noticed a hungry ghost
   529 | D        | Noticed a gnoll sergeant
   530 | D        | Noticed a porcupine
   551 | D        | Killed a hungry ghost
   551 | D        | Reached skill level 5 in Dodging
   551 | D        | Reached skill level 5 in Stealth
   551 | D        | Reached skill level 5 in Unarmed Combat
   551 | D        | Reached XP level 4. HP: 35/38 MP: 4/4
   551 | D        | Reached XP level 5. HP: 40/43 MP: 5/5
   553 | D        | Reached skill level 5 in Fighting
   570 | D        | Reached ***** piety under Wu Jian
   687 | D        | HP: 1/44 [gnoll sergeant/spear of venom (5)]
   688 | D        | Succumbed to a gnoll sergeant's poison

Vault maps used:
D:        pitsprint

Skill      XL: |  1  2  3  4  5 |
---------------+----------------+-----
Armour         | 1 3 |  3.6
Dodging        | 3 5 6 |  6.1
Stealth        | 3 5 6 |  6.2
Unarmed Combat | 3 4 5 6 |  6.3
Fighting       | 4 5 |  5.2

Action                   |  1- 3 |  4- 6 || total
-------------------------+-------+-------++-------
Melee: Unarmed           |    82 |    37 ||   119
       Punch             |     1 |       ||     1
Invok: Serpent's Lash    |     1 |     4 ||     5
  Use: Potion            |     4 |    11 ||    15
 Stab: Sleeping          |     2 |       ||     2
  Eat: Chunk             |       |     2 ||     2
Armor: Robe              |    20 |    10 ||    30
Dodge: Dodged            |    58 |    38 ||    96
